 Dungeon Crawl Stone Soup version 0.29.1-15-g9cfb28693d (webtiles) character file.

Game seed: 9865122939657261577

102 Silvore the Chopper (level 4, 0/35 HPs)
             Began as a Demonspawn Monk on May 1, 2023.
             Was a Priest of Wu Jian.
             Killed by divine providence
             ... invoked by an orc priest
              (14 damage)
             ... on level 3 of the Dungeon.
             The game lasted 00:02:53 (2136 turns).

Silvore the Chopper (Demonspawn Monk)               Turns: 2136, Time: 00:02:54

Health: 0/35       AC:  3    Str: 11    XL:     4   Next: 49%
Magic:  4/4        EV: 12    Int: 11    God:    Wu Jian [***...]
Gold:   86         SH:  0    Dex: 18    Spells: 3/3 levels left

rFire   + . .      SeeInvis .   a - +0 hand axe
rCold   x . .      Faith    .   (no shield)
rNeg    . . .      Spirit   .   h - +0 leather armour
rPois   .          Reflect  .   (helmet restricted)
rElec   .          Harm     .   (no cloak)
rCorr   .          Rampage  .   (no gloves)
Will    .....                   (no boots)
Stlth   +.........              f - amulet of the acrobat
HPRegen 0.11/turn               l - ring of fire
MPRegen 0.09/turn               (no ring)

@: confused
A: antennae 1, large bone plates 1, foul stench 1
a: Renounce Religion, Wall Jump, Serpent's Lash


You were on level 3 of the Dungeon.
You worshipped Wu Jian.
Wu Jian was most pleased with you.
You visited 1 branch of the dungeon, and saw 3 of its levels.

You collected 86 gold pieces.

Inventory:

Hand Weapons
 a - a +0 hand axe (weapon)
Armour
 b - a +0 robe
 h - a +0 leather armour (worn)
 k - a +0 chain mail
Jewellery
 e - an amulet of regeneration
 f - an amulet of the acrobat (around neck)
 l - a ring of fire (left hand)
Scrolls
 j - a scroll of blinking {unknown}
 m - a scroll of summoning {unknown}
Potions
 c - a potion of ambrosia
 d - a potion of lignification {unknown}
 g - a potion of haste
 i - a potion of mutation {unknown}


   Skills:
 + Level 3.5 Fighting
 + Level 3.8 Axes
 + Level 1.7 Armour
 + Level 2.9 Dodging
 + Level 1.8 Stealth


You had 3 spell levels left.
You didn't know any spells.
Your spell library was empty.

Dungeon Overview and Level Annotations

Branches:
Dungeon (3/15)

Altars:
Wu Jian


Innate Abilities, Weirdness & Mutations

You have a pair of small antennae on your head.
You are partially covered in large bone plates. (SH +4)
You may rarely emit foul miasma when damaged in melee.


Message History

You closely miss something. You hit the orc.
You spin and attack the orc.
You hit the orc.
The orc is severely wounded.
The orc wizard barely misses you.
You hear some strange, mumbled words.
A puff of flame appears from out of thin air!
The puff of flame hits you. You resist. The orc hits you with a +0 club.
You hit the orc wizard.
The orc wizard is lightly wounded.
You hit something. You hit the orc priest. You barely miss the orc.
The orc wizard hits you with a +0 dagger.
The orc priest closely misses you. Something completely misses you.
You block the orc's attack.
You hit the orc wizard.
The orc wizard is moderately wounded.
You miss something. You hit the orc priest. You hit the orc.
You kill the orc!
The Council accepts your kill. The orc wizard closely misses you.
Something hits you but does no damage. The orc priest closely misses you.
You hit the orc wizard.
The orc wizard is heavily wounded.
You hit something. You hit the orc priest. The orc wizard casts a spell at you.
You are confused.
Something hits you but does no damage.
The orc priest hits you with a +4 falchion.
You closely miss the orc wizard.
The orc wizard is heavily wounded.
You barely miss something.
You hit the orc priest but do no damage.
The orc wizard misses you. The orc priest barely misses you.
Something hits you.
Unknown command.
You're too confused to move!
The orc wizard gestures at you while chanting.
The puff of flame misses you.
The orc priest invokes the aid of Beogh against you.
Beogh smites you!
You die...

##### ##$_$##
#.8.8$# #$oo..#
#$8@8.# ##).{###
#. ##'##.##...
#......... ..
##...##.# ## ...
#...# .... #..
#...####....
.#..##......)....
.................#


You could see an orc priest and an orc wizard.

Vanquished Creatures
  2 orc priests (D:2)
  An adder (D:2)
  3 orcs
  A ball python (D:1)
  A bat (D:1)
  4 endoplasms
  2 giant cockroaches
  4 hobgoblins
  3 jackals (D:1)
  3 goblins (D:2)
  3 kobolds (D:2)
  3 rats (D:1)
30 creatures vanquished.

Notes
Turn   | Place    | Note
-------+----------+-------------------------------------------
     0 | D:1      | Silvore the Demonspawn Monk began the quest for the Orb.
     0 | D:1      | Reached XP level 1. HP: 18/18 MP: 1/1
   576 | D:1      | Found a faded altar of an unknown god.
   607 | D:1      | Gained mutation: You have a pair of small antennae on your
                  | head. [demonic ancestry]
   607 | D:1      | Reached XP level 2. HP: 22/24 MP: 2/2
   617 | D:1      | Prayed at the altar of an unknown god.
   617 | D:1      | Became a worshipper of the Wu Jian Council
   617 | D:1      | Reached * piety under Wu Jian
   617 | D:1      | Reached ** piety under Wu Jian
  1457 | D:2      | Reached skill level 1 in Armour
  1457 | D:2      | Gained mutation: You may rarely emit foul miasma when
                  | damaged in melee. [demonic ancestry]
  1457 | D:2      | Reached XP level 3. HP: 29/29 MP: 3/3
  1476 | D:2      | Gained mutation: You are partially covered in large bone
                  | plates. (SH +4) [demonic ancestry]
  1476 | D:2      | Reached XP level 4. HP: 18/35 MP: 4/4
  2121 | D:3      | Reached *** piety under Wu Jian
  2136 | D:3      | Killed from afar by an orc priest

Illustrated notes

Levels and vault maps discovered:
D:1:      lemuel_arrival_rhombus, layout_loops_ring, basic_ecumenical_altar
D:2:      layout_basic, minivault_25
D:3:      layout_basic, amcnicky_altar_gilded, serial_bayou_pond_d,
          kennysheep_orc_chapel, uniq_ijyb

Skill      XL: |  1  2 |
---------------+-------+-----
Axes           | 3 |  3.8
Armour         | 1 |  1.7
Fighting       | |  3.5
Dodging        | |  2.9
Stealth        | |  1.8

Action                   |  1- 3 |  4- 6 || total
-------------------------+-------+-------++-------
Melee: Hand axe          |    73 |    25 ||    98
       Punch             |     1 |       ||     1
Invok: Whirlwind         |     6 |     4 ||    10
       Lunge             |     1 |     1 ||     2
 Abil: Wall Jump         |       |     1 ||     1
  Use: Scroll            |     5 |       ||     5
Armor: Chain mail        |    26 |       ||    26
       Robe              |     5 |       ||     5
       Leather armour    |     7 |     3 ||    10
Dodge: Dodged            |    49 |    15 ||    64
Block: Other             |       |     3 ||     3
